 Dungeon Crawl Stone Soup version 0.31-a0-654-gbe3e110b4e (console) character file.

Game seed: 8471277176994668490

125804 petzl the Thaumaturge (level 17, -5/120 HPs)
             Began as a Formicid Delver on Aug 29, 2023.
             Was a High Priest of Vehumet.
             Killed from afar by Aizul (22 damage)
             ... with a bolt of poison
             ... on level 3 of the Snake Pit on Aug 31, 2023.
             The game lasted 04:25:57 (44753 turns).

petzl the Thaumaturge (Formicid Delver)            Turns: 44753, Time: 04:25:58

Health: -5/120     AC: 19    Str: 25    XL:     17   Next: 51%
Magic:  0/34       EV: 18    Int: 16    God:    Vehumet [*****.]
Gold:   1752       SH:  7    Dex: 17    Spells: 3/42 levels left

rFire   . . .        a - +5 arbalest (drain)
rCold   . . .        T - +0 buckler
rNeg    + + +        m - +1 scale mail "Siaggiul" {-Tele Contam rN+++ Will+++}
rPois   .            (helmet unavailable)
rElec   .            g - +1 cloak
rCorr   .            K - +2 pair of gloves {hurl}
SInv    +            j - +2 pair of boots
Will    +++++        Q - amulet of guardian spirit
Stlth   ++++         v - +5 ring of evasion
HPRegen 0.40/turn    i - ring of Skepticism {Will+ Str+6 Dex+2 SInv Stlth+}
MPRegen 0.24/turn

%: guardian spirit
@: lethally poisoned (-5 -> -31)
A: permanent stasis, dig shafts and tunnels, antennae 3, four strong arms
a: Dig, Shaft Self, Renounce Religion


You were on level 3 of the Snake Pit.
You worshipped Vehumet.
Vehumet was extremely pleased with you.
You visited 7 branches of the dungeon, and saw 29 of its levels.
You also visited: Bailey.

You collected 2854 gold pieces.
You spent 1102 gold pieces at shops.

Inventory:

Hand Weapons
 a - a +5 arbalest of draining (weapon)
 b - a +2 eveningstar of protection
 o - a +2 scimitar of freezing
 p - the +6 falchion of Qazlal, Disbelieving {freeze, rF+}
   (You found it on level 3 of the Lair of Beasts)

   rF+:       It protects you from fire.
 W - a +4 scimitar of flaming
Missiles
 d - a throwing net
 q - 6 silver javelins
 r - 2 atropa-tipped darts
 x - 2 darts of dispersal
Armour
 g - a +1 cloak (worn)
 j - a +2 pair of boots (worn)
 m - the +1 scale mail "Siaggiul" (worn) {-Tele Contam rN+++ Will+++}
   (You took it off an orc on level 4 of the Dungeon)

   rN+++:     It renders you almost immune to negative energy.
   Will+++:   It greatly increases your willpower.
   -Tele:     It prevents most forms of teleportation.
   Contam:    It causes magical contamination when unequipped.
 J - a scarf of invisibility
 K - a +2 pair of gloves of hurling (worn)
 T - a +0 buckler (worn)
Jewellery
 h - a ring of flight
 i - the ring of Skepticism (right hand) {Will+ Str+6 Dex+2 SInv Stlth+}
   (You found it on level 4 of the Dungeon)

   [ring of willpower]

   Str+6:     It affects your strength (+6).
   Dex+2:     It affects your dexterity (+2).
   Will+:     It increases your willpower.
   SInv:      It lets you see invisible.
   Stlth+:    It makes you more stealthy.
 v - a +5 ring of evasion (left hand)
 w - a ring of protection from fire
 Q - an amulet of guardian spirit (around neck)
 R - a ring of ice
 Y - a +6 ring of intelligence
Wands
 f - a wand of digging (1)
 l - a wand of charming (15)
 n - a wand of polymorph (2)
 u - a wand of roots (21)
 F - a wand of mindburst (8)
 P - a wand of light (3)
Scrolls
 c - 2 scrolls of fog
 e - a scroll of fear
 k - 3 scrolls of identify
 N - a scroll of revelation
 X - 2 scrolls of butterflies
 Z - a scroll of silence
Potions
 t - 2 potions of enlightenment
 H - 2 potions of brilliance
 I - 2 potions of magic
Miscellaneous
 D - a condenser vane (inert)


   Skills:
 + Level 7.0 Fighting
 - Level 3.0 Maces & Flails
 + Level 4.5 Ranged Weapons
 - Level 12.0 Armour
 + Level 5.3 Dodging
 - Level 10.5 Stealth
 + Level 10.4 Shields
 - Level 13.0 Spellcasting
 * Level 12.4 Conjurations
 - Level 6.0 Necromancy
 - Level 6.7 Translocations
 - Level 7.0 Ice Magic
 - Level 7.1 Air Magic
 - Level 6.5 Earth Magic
 - Level 6.0 Poison Magic
 + Level 5.0 Evocations


You had 3 spell levels left.
You knew the following spells:

 Your Spells              Type           Power      Damage    Failure   Level
a - Stone Arrow           Conj/Erth      80%        3d12      1%          3
b - Iskenderun's Mystic   Conj/Tloc      41%        2d9       1%          4
c - Fireball              Conj/Fire      15%        3d8       9%          5
l - Freezing Cloud        Conj/Ice/Air   19%        6-21      3%          5
m - Mephitic Cloud        Conj/Pois/Air  37%        N/A       1%          3
o - Orb of Destruction    Conj           25%        9d9       19%         7
u - Sublimation of Blood  Necr           29%        N/A       1%          2
C - Conjure Ball Lightni  Conj/Air       20%        3x3d6     11%         6
T - Olgreb's Toxic Radia  Pois           29%        N/A       3%          4

Your spell library contained the following spells:

 Spells                   Type           Power      Damage    Failure   Level
 Irradiate                Conj/Tmut      15%        3d16      9%          5
 Freeze                   Ice            100%       1d10      1%          1
 Sandblast                Erth           62%        2d14      1%          1
 Poisonous Vapours        Pois/Air       62%        N/A       1%          2
 Static Discharge         Conj/Air       82%        2-6/arc   1%          2
 Ozocubu's Armour         Ice            32%        N/A       2%          3
 Volatile Blastmotes      Fire/Tloc      42%        2d13      3%          3
 Passwall                 Tmut/Erth      16%        N/A       6%          2
 Inner Flame              Hex/Fire       10%        N/A       12%         3
 Wereblood                Tmut           10%        N/A       22%         2
 Summon Guardian Golem    Hex/Summ       10%        N/A       41%         3
 Airstrike                Air            16%        2d(3-19)  2%          4
 Lee's Rapid Deconstruct  Erth           15%        3d10*     8%          5
 Manifold Assault         Tloc           32%        N/A       9%          4
 Leda's Unmaking          Conj/Erth      20%        9d4       13%         6
 Borgnjor's Vile Clutch   Necr/Erth      15%        N/A       30%         5
 Summon Ice Beast         Ice/Summ       21%        N/A       34%         4
 Summon Lightning Spire   Summ/Air       21%        N/A       34%         4
 Animate Armour           Summ/Erth      40%        N/A       36%         4
 Leda's Liquefaction      Hex/Erth       10%        N/A       36%         4
 Petrify                  Tmut/Erth      20%        N/A       36%         4
 Anguish                  Hex/Necr       10%        N/A       38%         4
 Metabolic Englaciation   Hex/Ice        10%        N/A       67%         5
 Yara's Violent Unravell  Hex/Tmut       5%         3d4       67%         5
 Plasma Beam              Fire/Air       10%        2x1d21    75%         6
 Cause Fear               Hex            5%         N/A       82%         4
 Simulacrum               Ice/Necr       15%        N/A       83%         6
 Spellforged Servitor     Conj/Summ      15%        N/A       90%         7
 Summon Mana Viper        Hex/Summ       10%        N/A       99%         5
 Lehudib's Crystal Spear  Conj/Erth      20%        10d6      99%         8
 Enfeeble                 Hex            5%         N/A       100%        7
 Monstrous Menagerie      Summ           5%         N/A       100%        7
 Summon Hydra             Summ           5%         N/A       100%        7
 Disjunction              Tloc           16%        N/A       100%        8
 Maxwell's Capacitive Co  Air            16%        ∞         100%        8
 Blink                    Tloc           Unusable   N/A       N/A         2

Dungeon Overview and Level Annotations

Branches:
Dungeon (15/15)            Temple (0/1) D:7            Lair (5/5) D:10
  Swamp (1/4) Lair:2        Snake (2/4) Lair:3        Slime (0/5) Lair:5
    Orc (2/2) D:10            Elf (2/3) Orc:2        Vaults (0/5) D:14
 Depths (1/4) D:15         Bailey (visited)

Altars:
Ashenzari
Cheibriados
Dithmenos
Fedhas
Gozag
Makhleb
Qazlal
Sif Muna
Trog
Uskayaw
Vehumet
Wu Jian
Xom
Zin
Jiyva

Shops:
D:7 !   D:10 [(   Orc:2 (([?   Elf:2 [

Portals:
Trove: D:12 (give +4 fire dragon scales)

Annotations:
D:10 1 runed translucent door, exclusion: downstairs
D:14 exclusion: downstairs
Snake:1 exclusion: 2 downstairs
Snake:3 Aizul


Innate Abilities, Weirdness & Mutations

You cannot be hasted, slowed, berserked, paralysed or teleported.
You can dig through walls and to a lower floor.
You have a pair of large antennae on your head. (SInv)
Your four strong arms can wield two-handed weapons with a shield.


Message History

The floor.
Unknown command.
Okay, then.
Okay, then.
Aizul is nearby!
Unknown command.
Unknown command.
Unknown command.
Press: ? - help, v - describe, . - travel
Here: Aizul (noxious fumes, heavily wounded)
The floor, spattered with blood.
Unknown command.
Unknown command.
Okay, then.
Okay, then.
Okay, then.
Unknown command.
Press: ? - help, v - describe, . - travel
Here: Aizul (noxious fumes, heavily wounded)
The floor, spattered with blood.
Unknown command.
Unknown command.
* * * LOW HITPOINT WARNING * * *
You feel very sick.
Unknown command.
Unknown command.
Casting: Iskenderun's Mystic Blast (mildly dangerous; 1% risk of failure)
Confirm with . or Enter, or press ? or * to list all spells.
You erupt in a blast of force!
The mystic blast hits Aizul.
Aizul is heavily wounded.
Aizul is knocked back by the mystic blast.
Aizul slams into the rock wall!
Aizul is heavily wounded.
You feel very sick. Aizul hits you but does no damage.
You feel very sick. Aizul casts a spell at you. The bolt of poison hits you!!
You are lethally poisoned!
You die...

,*,,,*,,,,,*,,,*,,,,,*,,,** ###†)##
*,,,,,*,,,*,,,,,*,,,*,,,,,** ####..#
,,,,,,,***,,,,,,,***,,,,,,,* #####..
*,,,,,*,,,*,,,,,*,,,*,,,,,** ######.
,*,,,*,,,,,*,,,*,,,,,*,,,** #######
,,***,,,,,,,*#*,,,{,,,**** #######
,** **,,,,,**.**,,,,,** ####### **
**,,,*##.***,,,** #####....
********####.#* ***** #####........
,,,,,,,,,....# #####.....#######
*********##..########....############
####...##.......#### #######
**#...........##### ***..........####
***,,.....####.## *,,,,...#** ##.##
,,,,,.#** ##.## ,,,,*** #..## ,,,,**
##.@# *,,,,** ##S## **,,,,*** ##§#
***,,,,*** #§#* ** **,,,,,*** ##.#
****, ***,,,<,** *[#* *****,,,,
***,,,,** *..* ****,,,,,*** **,,,,***
*#☼#***,,,,*****,, **,,,,,**
*..,,,,******,,,, **,,,,,** *#..****
**,,,,,, **,,,,,****.#* *,,,,,,,
**,,,,,<*,** *,,,,,,, ****,***,*
***,,,,, *** *** **,,,, **,,, ***, **


You could see Aizul.

Vanquished Creatures
  Kirke (Lair:3)
  A deep elf sorcerer (Elf:1)
  An eleionoma (Lair:2)
  A deep elf demonologist (Orc:2)
  Snorg (Lair:5)
  A deep elf death mage (Elf:1)
  Josephine (D:14)
  8 vault guards (D:14)
  5 hydras
  A sphinx zombie (D:15)
  2 anacondas
  A boulder beetle (D:11)
  A dancing weapon (Elf:1)
  2 sphinx skeletons (D:15)
  Erica (Lair:1)
  3 two-headed ogres
  3 catoblepae
  3 centaur warriors
  A naga warrior (Snake:3)
  13 death yaks
  3 tengu warriors
  Urug (Lair:5)
  A naga sharpshooter (Snake:1)
  3 shock serpents
  4 skysharks
  3 orc high priests
  3 deep elf knights (Elf:1)
  Nergalle (D:11)
  A golden dragon zombie (D:15)
  Lodul (D:14)
  2 naga ritualists
  7 skeletal warriors
  3 deep elf archers (Elf:1)
  A swamp dragon (Lair:2)
  A bog body (Lair:2)
  3 mana vipers
  2 necromancers (D:15)
  2 wizards (Elf:1)
  A phantasmal warrior (D:15)
  A lindwurm (Lair:1)
  6 deep elf pyromancers
  9 deep elf zephyrmancers (Elf:1)
  8 orc sorcerers
  An oklob plant (Lair:5)
  2 orc knights
  3 ugly things (D:14)
  A salamander (Snake:1)
  6 cyclopes
  2 manticores
  21 black mambas
  2 naga magi (Snake:1)
  A frost giant skeleton (D:15)
  2 kobold demonologists
  10 cane toads
  4 torpor snails
  2 unseen horrors (D:12)
  15 komodo dragons
  A freezing wraith (D:10)
  4 rime drakes
  10 polar bears
  9 meliai
  5 trolls
  16 blink frogs
  2 raiju (Lair:5)
  5 dream sheep
  5 slime creatures (D:14)
  3 air elementals (Elf:1)
  22 yaks
  2 shadows
  A fire elemental (Elf:1)
  5 wraiths
  3 wyverns
  A vampire (D:13)
  4 hogs (Lair:3)
  4 basilisks
  2 steam dragons
  18 vampire mosquitoes
  A warg (shapeshifter) (D:14)
  9 nagas (Snake:1)
  3 acid dragons
  24 water moccasins
  8 wargs
  A tengu zombie (D:15)
  15 hell hounds
  2 ice beasts (D:5)
  25 orc warriors
  12 black bears
  4 boggarts
  10 ogres
  A sky beast (D:6)
  17 wolves
  8 centaurs
  A phantom (D:5)
  4 kobold brigands
  15 bullfrogs
  2 gnoll sergeants
  2 scorpions
  2 earth elementals
  5 wights
  A hornet simulacrum (D:15)
  11 killer bees (D:10)
  4 electric eels
  A howler monkey (D:10)
  4 hounds
  Crazy Yiuf (D:5)
  17 orc priests
  2 gnoll boudas
  2 jellies
  An iron imp (D:8)
  2 sleepcaps
  Natasha (thrice) (D:2)
  40 orc wizards
  22 gnolls
  9 adders
  A shadow imp (D:7)
  A white imp (D:6)
  2 ufetubi
  4 worms (D:4)
  5 dart slugs
  75 orcs
  6 ball pythons
  10 endoplasms
  2 giant cockroaches
  13 goblins
  10 hobgoblins
  3 jackals (D:1)
  18 kobolds
  3 quokkas
  5 bats
  3 frilled lizards
  10 rats
  A butterfly (Lair:4)
775 creatures vanquished.

Vanquished Creatures (collateral kills)
  6 orcs
6 creatures vanquished.

Vanquished Creatures (others)
  An orb spider (shapeshifter) (D:15)
  A naga (Snake:1)
  An orc warrior (Bailey)
  3 orcs (Bailey)
  6 ball lightnings (Elf:1)
12 creatures vanquished.

Grand Total: 793 creatures vanquished

Notes
Turn   | Place    | Note
-------+----------+-------------------------------------------
     0 | D:5      | petzl the Formicid Delver began the quest for the Orb.
     0 | D:5      | Reached XP level 1. HP: 18/18 MP: 1/1
    51 | D:5      | Found a runed translucent door.
    52 | D:5      | Noticed Crazy Yiuf
   133 | D:5      | Reached skill level 1 in Spellcasting
   169 | D:4      | Reached XP level 2. HP: 24/24 MP: 2/4
   176 | D:4      | Identified the ring of Skepticism {Will+ Str+6 Dex+2 SInv
                  | Stlth+}
   275 | D:4      | Reached XP level 3. HP: 17/29 MP: 5/5
   388 | D:4      | Reached skill level 1 in Armour
   388 | D:4      | Reached skill level 2 in Spellcasting
   388 | D:4      | Reached XP level 4. HP: 26/36 MP: 5/7
   593 | D:2      | Noticed Natasha
   735 | D:2      | Reached XP level 5. HP: 42/42 MP: 8/8
  2470 | D:2      | Killed Natasha
  2471 | D:2      | Reached XP level 6. HP: 48/48 MP: 9/9
  2516 | D:2      | Noticed Natasha
  2538 | D:2      | Killed Natasha
  2786 | D:2      | Noticed Natasha
  2799 | D:2      | Killed Natasha
  3073 | D:3      | Reached skill level 3 in Spellcasting
  3080 | D:3      | Learned a level 3 spell: Stone Arrow
  3261 | D:4      | Identified the +1 scale mail "Siaggiul" {-Tele Contam rN+++
                  | Will+++}
  3740 | D:4      | Reached XP level 7. HP: 47/54 MP: 11/11
  3877 | D:4      | Reached skill level 1 in Earth Magic
  4002 | D:4      | Reached skill level 1 in Conjurations
  4129 | D:4      | Found a hide-covered altar of Uskayaw.
  4484 | D:5      | Found a shimmering altar of Xom.
  4600 | D:5      | Found a radiant altar of Vehumet.
  4608 | D:5      | Became a worshipper of Vehumet
  4756 | D:5      | Found a shadowy altar of Dithmenos.
  4823 | D:5      | Found a broken altar of Ashenzari.
  4839 | D:5      | Reached XP level 8. HP: 60/60 MP: 13/13
  4843 | D:5      | Found a glowing silver altar of Zin.
  4872 | D:5      | Reached skill level 1 in Ranged Weapons
  4888 | D:5      | Reached skill level 4 in Spellcasting
  4912 | D:5      | Got Gegos's Handbook of Blinking Lithomancy
  4918 | D:5      | Learned a level 4 spell: Iskenderun's Mystic Blast
  4968 | D:5      | Reached skill level 5 in Armour
  5640 | D:5      | You are sucked into a shaft and drop 2 floors!
  5812 | D:6      | Reached XP level 9. HP: 65/65 MP: 15/15
  5884 | D:5      | You are sucked into a shaft and drop 3 floors!
  6113 | D:8      | Noticed a deep elf pyromancer
  6125 | D:8      | You are sucked into a shaft and drop 1 floor!
  6222 | D:9      | Found a blossoming altar of Fedhas.
  6265 | D:9      | Found a flagged portal.
  6366 | Bailey   | Entered a bailey
  6669 | Bailey   | Reached skill level 5 in Earth Magic
  6848 | Bailey   | Noticed an orc knight
  6878 | D:9      | Reached * piety under Vehumet
  6878 | D:9      | Offered knowledge of Freeze by Vehumet.
  6881 | D:10     | Entered Level 10 of the Dungeon
  6977 | D:10     | Reached skill level 10 in Stealth
  6977 | D:10     | Reached skill level 7 in Spellcasting
  6977 | D:10     | Reached XP level 10. HP: 71/71 MP: 16/21
  7037 | D:10     | Found a runed translucent door.
  7037 | D:10     | Found a burning altar of Makhleb.
  7037 | D:10     | Noticed a sixfirhy
  7280 | D:10     | Found Iddaosch's Weapon Shoppe.
  7283 | D:10     | Found a staircase to the Orcish Mines.
  7285 | D:10     | Found Yjau's Armour Shoppe.
  7294 | D:10     | Learned a level 2 spell: Static Discharge
  7296 | D:10     | Learned a level 1 spell: Freeze
  7300 | D:10     | Learned a level 3 spell: Ozocubu's Armour
  7316 | D:10     | Bought a +0 arbalest for 63 gold pieces
  7320 | D:10     | Bought a +2 pair of gloves of hurling for 279 gold pieces
  7347 | D:11     | Noticed a freezing wraith
  7488 | D:10     | You are sucked into a shaft and drop 3 floors!
  7650 | D:12     | Noticed a komodo dragon
  7652 | D:12     | Noticed a two-headed ogre
  7652 | D:12     | Noticed an unseen horror
  7765 | D:14     | Noticed a deep elf pyromancer
  7768 | D:14     | Noticed a four-headed hydra
  7770 | D:14     | Noticed a brown ugly thing
  7770 | D:14     | Noticed a brown ugly thing
  7770 | D:14     | Noticed a brown ugly thing
  7770 | D:14     | Noticed a brown ugly thing
  7775 | D:14     | You are sucked into a shaft and drop 1 floor!
  7775 | D:15     | Entered Level 15 of the Dungeon
  7833 | D:15     | Noticed a sea snake
  7840 | D:15     | a sea snake changed into an orb spider
  7840 | D:15     | Noticed an orb spider (shapeshifter)
  7849 | D:15     | Noticed a cyclops
  7854 | D:15     | Noticed a deep elf pyromancer
  8058 | D:12     | Noticed a cyclops
  8069 | D:12     | Killed a cyclops
  8070 | D:12     | Reached skill level 1 in Ice Magic
  8076 | D:12     | Found a portal to a secret trove of treasure.
  8149 | D:11     | Noticed a cyclops
  8377 | D:11     | Killed a cyclops
  8557 | D:9      | Noticed a two-headed ogre
  8626 | D:9      | Found an opulent altar of Gozag.
  8857 | D:5      | Found a shadowy altar of Dithmenos.
  8902 | D:5      | Found a glowing silver altar of Zin.
  8904 | D:5      | Found a broken altar of Ashenzari.
  9137 | D:5      | Found a shimmering altar of Xom.
  9212 | D:5      | Found a radiant altar of Vehumet.
  9271 | D:5      | Killed Crazy Yiuf
  9487 | D:6      | Found a bloodstained altar of Trog.
  9634 | D:7      | Found an ornate altar of the Wu Jian Council.
  9785 | D:7      | Found a staircase to the Ecumenical Temple.
  9802 | D:7      | Found Diun's Distillery.
  9810 | D:7      | Bought a potion of heal wounds for 55 gold pieces
  9810 | D:7      | Bought a potion of enlightenment for 55 gold pieces
 10438 | D:7      | Reached skill level 8 in Spellcasting
 10590 | D:7      | Reached XP level 11. HP: 70/77 MP: 17/23
 10628 | D:7      | Found a shimmering blue altar of Sif Muna.
 10852 | D:6      | Offered knowledge of Sandblast by Vehumet.
 11125 | D:7      | Reached ** piety under Vehumet
 11208 | D:7      | Reached skill level 5 in Conjurations
 11635 | D:8      | You fall into a shaft and drop 3 floors!
 11845 | D:11     | Noticed a two-headed ogre
 11861 | D:9      | Found a transporter.
 11968 | D:8      | Found a snail-covered altar of Cheibriados.
 12074 | D:8      | Learned a level 7 spell: Orb of Destruction
 12110 | D:8      | You fall into a shaft and drop 3 floors!
 12561 | D:8      | Reached skill level 1 in Translocations
 12830 | D:9      | Found a stormy altar of Qazlal.
 12900 | D:9      | Found a transporter.
 12922 | D:9      | Found a transporter.
 12924 | D:9      | Found a transporter.
 13792 | D:10     | Noticed a two-headed ogre
 14961 | D:10     | Offered knowledge of Searing Ray by Vehumet.
 15020 | D:11     | Noticed a manticore
 15035 | D:11     | Killed a manticore
 15226 | D:11     | Noticed Nergalle
 15227 | D:11     | Noticed a boulder beetle
 15267 | D:10     | You fall into a shaft and drop 1 floor!
 15596 | D:9      | Noticed a sixfirhy
 15636 | D:8      | You fall into a shaft and drop 3 floors!
 16494 | D:11     | Learned a level 2 spell: Sublimation of Blood
 16645 | D:11     | Reached skill level 5 in Translocations
 16669 | D:11     | Noticed a cyclops
 16965 | D:10     | Reached *** piety under Vehumet
 17163 | D:10     | Killed a two-headed ogre
 17164 | D:10     | Reached XP level 12. HP: 82/83 MP: 5/24
 17484 | D:10     | Found a staircase to the Lair.
 17489 | Lair:1   | Entered Level 1 of the Lair of Beasts
 17980 | Orc:1    | Entered Level 1 of the Orcish Mines
 18015 | D:10     | Offered knowledge of Flame Wave by Vehumet.
 18312 | Orc:2    | Entered Level 2 of the Orcish Mines
 19018 | Orc:1    | Reached **** piety under Vehumet
 19757 | Lair:1   | Offered knowledge of Freezing Cloud by Vehumet.
 19764 | Lair:1   | Learned a level 5 spell: Freezing Cloud
 19901 | Lair:1   | Reached skill level 1 in Air Magic
 20275 | Lair:2   | Identified the +5 whip of the Sun {heavy, Stlth+}
 20993 | Lair:3   | Reached skill level 1 in Shields
 21416 | Lair:1   | Noticed Erica
 21499 | Lair:1   | Reached skill level 5 in Ice Magic
 21614 | Lair:1   | Killed Erica
 21615 | Lair:1   | Reached XP level 13. HP: 88/88 MP: 17/25
 21926 | Lair:1   | Reached skill level 5 in Air Magic
 21990 | Lair:2   | Noticed a catoblepas
 22005 | Lair:1   | You fall into a shaft and drop 1 floor!
 22161 | Lair:2   | Found a staircase to the Swamp.
 22162 | Lair:2   | Noticed an eleionoma
 22356 | Lair:2   | Reached skill level 5 in Shields
 22957 | Lair:2   | Killed an eleionoma
 23150 | Lair:2   | Reached ***** piety under Vehumet
 23153 | Lair:2   | Reached skill level 9 in Spellcasting
 23506 | Lair:3   | Got the Vellum of the Misty Charnel House
 23557 | Lair:3   | Reached skill level 1 in Necromancy
 23675 | Lair:3   | Found a staircase to the Snake Pit.
 23684 | Lair:3   | Offered knowledge of Olgreb's Toxic Radiance by Vehumet.
 23693 | Lair:3   | Learned a level 4 spell: Olgreb's Toxic Radiance
 23833 | Lair:3   | Identified the +6 falchion of Qazlal, Disbelieving {freeze,
                  | rF+}
 23863 | Lair:3   | Identified the +0 robe of the Skies Above {Harm Will-
                  | Dex+5}
 23875 | Lair:3   | Identified the +4 ring mail of Entitlement {Rampage rF-
                  | Str-3 Dex+6}
 24024 | Lair:3   | Reached skill level 1 in Poison Magic
 24380 | Lair:3   | Reached XP level 14. HP: 82/95 MP: 7/27
 24757 | Lair:3   | Learned a level 3 spell: Mephitic Cloud
 24759 | Lair:3   | Noticed Kirke
 24764 | Lair:3   | Noticed a sphinx
 24764 | Lair:3   | Killed Kirke
 25160 | Lair:5   | Entered Level 5 of the Lair of Beasts
 25165 | Lair:5   | Noticed Snorg
 26491 | Lair:4   | Identified the +6 scale mail of the Grey Skies {rN+}
 27114 | Lair:4   | Reached skill level 5 in Poison Magic
 27493 | Lair:5   | Killed Snorg
 27494 | Lair:5   | Reached skill level 10 in Spellcasting
 27812 | Lair:5   | Reached XP level 15. HP: 87/100 MP: 6/29
 27933 | Lair:5   | Offered knowledge of Fulminant Prism by Vehumet.
 28116 | Lair:5   | Found a viscous altar of Jiyva.
 28122 | Lair:5   | Found a staircase to the Slime Pits.
 28196 | Lair:5   | Noticed Urug
 28796 | Lair:5   | Reached skill level 5 in Necromancy
 29490 | Lair:5   | Killed Urug
 29510 | Lair:5   | Identified the +4 falchion of Ru's Displeasure {heavy,
                  | Str+5 SInv}
 30409 | Orc:2    | Found Extea's Weapon Shop.
 30409 | Orc:2    | Found Aqoall Noom's Weapon Shop.
 30535 | Orc:2    | Found Otax Dea's Magic Scroll Boutique.
 30538 | Orc:2    | Found Cadduwarre's Antique Armour Boutique.
 30554 | Orc:2    | Found a staircase to the Elven Halls.
 30582 | Orc:2    | Bought a scroll of butterflies for 40 gold pieces
 30582 | Orc:2    | Bought a scroll of identify for 20 gold pieces
 30582 | Orc:2    | Bought a scroll of identify for 20 gold pieces
 30583 | Orc:2    | Bought a runed cloak for 262 gold pieces
 30722 | Orc:2    | Reached skill level 10 in Conjurations
 31401 | Orc:1    | Offered knowledge of Conjure Ball Lightning by Vehumet.
 31547 | Orc:1    | Reached skill level 11 in Spellcasting
 32194 | D:7      | Bought 2 potions of resistance for 220 gold pieces
 32194 | D:7      | Bought a potion of magic for 88 gold pieces
 32754 | D:11     | Killed Nergalle
 33206 | D:12     | Reached skill level 12 in Spellcasting
 33308 | D:12     | Learned a level 6 spell: Conjure Ball Lightning
 33494 | D:12     | Found a glowing silver altar of Zin.
 34872 | D:13     | Offered knowledge of Fireball by Vehumet.
 35034 | D:13     | Reached XP level 16. HP: 79/108 MP: 16/32
 35126 | D:10     | Learned a level 5 spell: Fireball
 35441 | Lair:1   | You fall into a shaft and drop 1 floor!
 36004 | D:14     | Reached skill level 1 in Evocations
 36189 | D:14     | Reached skill level 5 in Fighting
 36631 | D:14     | Found a gate to the Vaults.
 36689 | D:14     | Noticed Lodul
 36701 | D:14     | Killed Lodul
 36849 | D:14     | Found an opulent altar of Gozag.
 37892 | D:14     | Noticed Josephine
 37903 | D:14     | Killed Josephine
 39500 | D:15     | Found a staircase to the Depths.
 39712 | Depths:1 | Entered Level 1 of the Depths
 39922 | Elf:1    | Entered Level 1 of the Elven Halls
 39930 | Elf:1    | Noticed a Hell Sentinel
 39933 | Orc:2    | Reached skill level 13 in Spellcasting
 40745 | Elf:1    | Reached XP level 17. HP: 74/118 MP: 14/34
 41262 | Elf:1    | Offered knowledge of Irradiate by Vehumet.
 41530 | Elf:2    | Found Ygeilyha's Armour Boutique.
 41551 | Elf:1    | Reached skill level 10 in Shields
 41907 | Swamp:1  | Entered Level 1 of the Swamp
 42283 | Lair:2   | You are sucked into a shaft and drop 1 floor!
 42877 | Snake:1  | Entered Level 1 of the Snake Pit
 43130 | Snake:1  | Reached skill level 5 in Dodging
 44360 | Snake:1  | You fall into a shaft and drop 1 floor!
 44363 | Snake:2  | You fall into a shaft and drop 1 floor!
 44375 | Snake:3  | HP: 5/119 [constriction (1)]
 44377 | Snake:3  | HP: 1/119 [constriction (2)]
 44382 | Snake:3  | HP: 4/119 [poisoned by a naga ritualist (toxic radiance)]
 44393 | Snake:3  | HP: 5/119 [poisoned by a naga ritualist (toxic radiance)]
 44397 | Snake:3  | Reached skill level 5 in Evocations
 44738 | Snake:3  | Noticed Aizul
 44753 | Snake:3  | Killed from afar by Aizul

Illustrated notes

Levels and vault maps discovered:
D:1:      shiori_shiawase, layout_basic, nrook_uturn, minmay_split_cup_large
D:2:      layout_loops_cross, chequers_serial_rivers_micro_c, uniq_natasha
D:3:      layout_rooms, kennysheep_generic_room_16
D:4:      layout_rooms, mainiacjoe_overflow_tiny_flanked
D:5:      layout_basic, mainiacjoe_overflow_big_doors, lemuel_doored_altar,
          fiery_altar_vehumet, nicolae_dithmenos_the_darkroom,
          skrybe_limestone_x, dk_noncrumbling_4, uniq_crazy_yiuf_cottage
D:6:      layout_rooms, lightli_temple_of_fire
D:7:      layout_gridville, nzn_wu_jian_contemplation,
          kennysheep_orc_sif_temple, minmay_temple_entry_ruins, serial_shops,
          shop
D:8:      layout_basic, chei_slow_surprise
D:9:      layout_basic, mainiacjoe_overflow_24_doors, general_overflow_altar,
          mainiacjoe_overflow_cross_hatched, enter_bailey_5,
          nicolae_diode_intersection
D:10:     layout_basic, nzn_makhleb_speed_demon, erik_lair_dragon, orc_david_3
D:11:     layout_basic, uniq_nergalle
D:12:     layout_big_octagon, nicolae_trove_entry_free_sample, zin_academy
D:13:     layout_grid_maze, kennysheep_generic_room_15
D:14:     layout_basic, erik_vaults_2, grunt_gozag_statues, uniq_josephine,
          uniq_lodul
D:15:     gammafunk_depths_entry_grave, layout_basic,
          nicolae_concentric_dashed_squares_wild
Lair:1:   layout_roguey, enter_volcano_3, uniq_erica
Lair:2:   layout_hall_layers, alex1729_swamp_entry_worm_eleionoma,
          grunt_megastairs_1, serial_bayou_shore_b
Lair:3:   layout_roguey, minmay_snake_entry_six_corridors,
          cheibrodos_lair_reptile_den, grunt_megastairs_3, uniq_kirke
Lair:4:   layout_cave_pods, fungi_pond_lemuel, beast_lair_carwin_6,
          serial_bayou_shore_a, lemuel_fruit_fields, serial_bayou_shore_b
Lair:5:   hangedman_lair_caniforms_friends, layout_misc_corridors,
          dpeg_slime_entry_corner, serial_bayou_lagoon_b,
          infiniplex_staircase_pool_2, lemuel_fruit_tree, uniq_snorg, uniq_urug
Swamp:1:  layout_basic_swamp, hangedman_swamp_cone
Snake:1:  layout_misc_corridors, grunt_megastairs_2
Snake:2:  layout_cave_shapes
Snake:3:  nicolae_snakescales, layout_cave_pods, basic_altar, drop_trap,
          uniq_vashnia, uniq_aizul, uniq_louise
Orc:1:    layout_caves
Orc:2:    st_orc_mages, layout_caves
Elf:1:    elf_arrival_002, layout_onion_city, hangedman_elf_disciples,
          grunt_ministairs_7
Elf:2:    nicolae_elf_blades_splatter_lattice [nicolae_blade_entry_antechamber],
          layout_gridlike, serial_shops, shop, nicolae_stop_n_shop_1, shop
Depths:1: layout_cave_shapes, abyss_entry, hangedman_geh_valley, minivault_22,
          minmay_fractal_squares_gapless_7

Skill      XL: |  1  2  3  4  5  6  7  8  9 10 11 12 13 14 15 16 17 |
---------------+----------------------------------------------------+-----
Spellcasting   | 1 2 3 4 7 8 9 10 12 13 | 13.0
Dodging        | 2 3 4 5 |  5.3
Armour         | 1 2 3 4 5 11 12 | 12.0
Fighting       | 4 6 7 |  7.0
Stealth        | 7 10 | 10.5
Earth Magic    | 2 4 5 6 |  6.5
Conjurations   | 1 3 4 5 6 7 8 10 11 12 | 12.4
Ranged Weapons | 2 3 4 |  4.5
Ice Magic      | 1 3 5 6 7 |  7.0
Translocations | 6 |  6.7
Air Magic      | 4 6 7 |  7.1
Shields        | 3 7 9 10 | 10.4
Necromancy     | 2 4 6 |  6.0
Poison Magic   | 2 5 6 |  6.0
Maces & Flails | 3 |  3.0
Evocations     | 4 5 |  5.0

Action                     |  1- 3 |  4- 6 |  7- 9 | 10-12 | 13-15 | 16-18 || total
---------------------------+-------+-------+-------+-------+-------+-------++-------
  Melee: Mace              |    16 |     6 |       |       |       |       ||    22
         Rapier            |       |   137 |       |       |       |       ||   137
         Punch             |       |     3 |     1 |     8 |       |       ||    12
         Short sword       |       |   117 |    52 |     2 |       |       ||   171
         Flail             |       |       |   124 |   392 |    38 |       ||   554
         Trident           |       |       |       |    29 |       |       ||    29
         Eveningstar       |       |       |       |       |    10 |    78 ||    88
   Fire: Shortbow          |       |       |    51 |    12 |       |       ||    63
         Arbalest          |       |       |       |   237 |   294 |   136 ||   667
  Throw: Dart              |       |       |     6 |     2 |     2 |       ||    10
   Cast: Stone Arrow       |       |       |       |    98 |     8 |    20 ||   126
         Ozocubu's Armour  |       |       |       |     7 |     1 |       ||     8
         Iskenderun's Myst |       |       |       |   119 |    84 |    79 ||   282
         Freezing Cloud    |       |       |       |    12 |   227 |   108 ||   347
         Static Discharge  |       |       |       |     2 |       |       ||     2
         Olgreb's Toxic Ra |       |       |       |       |    27 |    25 ||    52
         Orb of Destructio |       |       |       |       |     2 |    22 ||    24
         Fireball          |       |       |       |       |       |     9 ||     9
         Sublimation of Bl |       |       |       |       |       |     4 ||     4
         Conjure Ball Ligh |       |       |       |       |       |     2 ||     2
Ability: Dig               |       |     1 |       |     6 |     9 |     2 ||    18
         Shaft Self        |       |       |     3 |     6 |     1 |     4 ||    14
  Evoke: Wand              |       |       |    22 |    25 |     1 |     4 ||    52
         Condenser vane    |       |       |       |     1 |     1 |     1 ||     3
    Use: Scroll            |       |     4 |     3 |    20 |     6 |     8 ||    41
         Potion            |       |       |     1 |     4 |     1 |    15 ||    21
   Stab: Sleeping          |     4 |    32 |     2 |     3 |       |       ||    41
         Distracted        |       |       |     1 |       |       |       ||     1
         Invisible         |       |       |       |     1 |       |       ||     1
         Confused          |       |       |       |     2 |       |       ||     2
 Armour: Leather armour    |     3 |    65 |       |       |       |       ||    68
         Scale mail        |       |    24 |   119 |   375 |   111 |   177 ||   806
  Dodge: Dodged            |     8 |   134 |   153 |   683 |    88 |   140 ||  1206
  Block: Buckler           |       |       |       |       |    51 |    92 ||   143

Table legend: (Time is in decaauts)
 A = Elapsed time spent in this place.
 B = Non-inter-level travel time spent in this place.
 C = Inter-level travel time spent in this place.
 D = Time resting spent in this place.
 E = Time spent auto-exploring this place.
 F = Levels seen in this place.
 G = Mean time per level.
                   A        B        C        D        E       F      G
               +--------+--------+--------+--------+--------+-----+--------+
         Total |  45681 |  41704 |   3977 |  16561 |  12056 |  30 | 1522.7 |
       Dungeon |  26105 |  23347 |   2758 |   7803 |   8111 |  15 | 1740.3 |
          Lair |  12282 |  11376 |    906 |   5477 |   3048 |   5 | 2456.4 |
         Swamp |     18 |     18 |      0 |      0 |      0 |   1 |   18.0 |
     Snake Pit |   1856 |   1797 |     59 |    985 |     12 |   3 |  618.7 |
  Orcish Mines |   3603 |   3350 |    253 |   1608 |    803 |   2 | 1801.5 |
   Elven Halls |   1296 |   1296 |      0 |    412 |     82 |   2 |  648.0 |
        Depths |      1 |      1 |      0 |      0 |      0 |   1 |    1.0 |
        Bailey |    516 |    516 |      0 |    274 |      0 |   1 |  516.0 |
               +--------+--------+--------+--------+--------+-----+--------+

Top non-repeatable levels by time:
    D:10: 4516 daAuts
  Lair:2: 3077 daAuts
    D:14: 2730 daAuts
  Lair:5: 2716 daAuts
  Lair:3: 2546 daAuts
    D:11: 2432 daAuts
     D:9: 2147 daAuts
  Lair:1: 2033 daAuts
     D:7: 1931 daAuts
  Lair:4: 1909 daAuts
   Orc:2: 1903 daAuts
     D:5: 1857 daAuts
    D:13: 1795 daAuts
   Orc:1: 1699 daAuts
 Snake:1: 1452 daAuts
